 Dungeon Crawl Stone Soup version 0.30-a0-576-g89cddaab80 (webtiles) character file.

Game seed: 2831319718818887878

30 brightshaft the Covered (level 3, 0/32 HPs)
             Began as an Armataur Fighter on Dec 30, 2022.
             Slain by a gnoll
             ... wielding a +0 spear
              (6 damage)
             ... on level 2 of the Dungeon on Dec 31, 2022.
             The game lasted 00:03:31 (973 turns).

brightshaft the Covered (Armataur Fighter)           Turns: 973, Time: 00:03:32

Health: 0/32       AC:  8    Str: 23    XL:     3   Next: 3%
Magic:  3/3        EV:  7    Int:  8    God:
Gold:   7          SH:  5    Dex:  9    Spells: 2/2 levels left

rFire   . . .      SeeInvis .    a - +0 flail
rCold   . . .      Faith    .    c - +1 buckler
rNeg    . . .      Spirit   .    b - +0 scale mail
rPois   .          Reflect  .    (no helmet)
rElec   .          Harm     .    j - +0 cloak
rCorr   .          Roll     +    (no gloves)
Will    .....                    (no barding) Stlth
                                 (no amulet)
HPRegen 0.25/turn                (no ring)
MPRegen 0.08/turn                (no ring)

@: mighty
A: large, rugged brown scales 3, deformed body, armoured tail, roll, long
tongue, awkward tongue
a: no special abilities


You were on level 2 of the Dungeon.
You visited 1 branch of the dungeon, and saw 2 of its levels.

You collected 7 gold pieces.

Inventory:

Hand Weapons
 a - a +0 flail (weapon)
Missiles
 k - 5 poisoned darts
 l - 3 silver boomerangs (quivered)
Armour
 b - a +0 scale mail (worn)
 c - a +1 buckler (worn)
 j - a +0 cloak (worn)
Jewellery
 i - an amulet of faith
 n - an amulet of regeneration
Scrolls
 e - a scroll of teleportation {@r4}
 g - a scroll of fear
 m - a scroll of noise {unknown}
Potions
 d - a potion of might
 f - a potion of attraction
 h - a potion of brilliance


   Skills:
 - Level 2.6 Fighting
 * Level 3.2 Maces & Flails
 - Level 3.6 Armour
 - Level 3.2 Shields


You had 2 spell levels left.
You didn't know any spells.
Your spell library contained the following spells:

 Spells                   Type           Power      Damage    Failure   Level
 Summon Small Mammal      Summ           0%         N/A       80%         1
 Call Canine Familiar     Summ           0%         N/A       99%         3
 Summon Guardian Golem    Hex/Summ       0%         N/A       99%         3


Dungeon Overview and Level Annotations

Branches:
Dungeon (2/15)

Altars:

Shops:
D:2 (


Innate Abilities, Weirdness & Mutations

You are completely covered in rugged brown scales. (AC +3, +7% HP)
Armour fits poorly on your strangely shaped body.
You have a long armoured tail.
You roll when moving toward enemies. (Rampage)
Your long tongue fully drains potion bottles. (2x potion effects)
Your tongue gives you trouble enunciating. (1.5x scroll delay)


Message History

A gnoll comes into view. It is wielding a +0 halberd.
The gnoll shouts!
You see here an amulet of regeneration.
n - an amulet of regeneration A gnoll comes into view.
It is wielding a +0 spear.
The gnoll shouts!
You hear a shout!
A gnoll comes into view. It is wielding a +0 spear.
The gnoll hits you but does no damage.
You roll towards the gnoll!
You hit the gnoll.
The gnoll is lightly wounded.
The gnoll barely misses you. The gnoll hits you with a +0 halberd!
You closely miss the gnoll.
The gnoll is lightly wounded.
The gnoll shouts!
The gnoll hits you with a +0 halberd!
You closely miss the gnoll. You tail-slap the gnoll.
The gnoll is heavily wounded.
The gnoll barely misses you.
You hit the gnoll.
Your tail-slap misses the gnoll.
The gnoll is almost dead.
A gnoll comes into view. It is wielding a staff of earth.
The gnoll hits you from afar with a +0 spear.
The gnoll misses you.
You hit the gnoll but do no damage.
The gnoll is almost dead.
The gnoll hits you from afar with a +0 spear.
The gnoll hits you but does no damage. x2; You block the gnoll's attack.
You barely miss the gnoll.
The gnoll is almost dead.
The gnoll hits you but does no damage. The gnoll hits you with a +0 halberd.
* * * LOW HITPOINT WARNING * * *
You completely miss the gnoll.
The gnoll is almost dead.
The gnoll hits you from afar with a +0 spear.
* * * LOW HITPOINT WARNING * * *
The gnoll barely misses you.
You slurp down every last drop of the 2 potions of might!
You feel very mighty all of a sudden.
The gnoll hits you from afar with a +0 spear.
You die...

..#.##...#
#.........#....†..##
:........#
#.........##.)...#####
###.####.#
#.........###...##....
#.# #.# ####...####
##'###.### #.#
#.######...# #.# #.#
#.# #.......gg.# #>#
#.### #########g##
##.###.#.. #g#
#####...##.#.#
#@###.##.....#....
#.##...##...####.#
#.#..†............
#......#########.#
#####.## ### ###


You could see 4 gnolls.

Vanquished Creatures
  8 ball pythons
  An endoplasm (D:1)
  3 giant cockroaches
  3 hobgoblins
  A quokka (D:2)
  2 bats
  3 frilled lizards
  2 goblins (D:1)
  4 kobolds
  3 rats
30 creatures vanquished.

Notes
Turn   | Place    | Note
-------+----------+-------------------------------------------
     0 | D:1      | brightshaft the Armataur Fighter began the quest for the
                  | Orb.
     0 | D:1      | Reached XP level 1. HP: 19/19 MP: 1/1
   195 | D:1      | Reached XP level 2. HP: 23/26 MP: 2/2
   623 | D:2      | Found a faded altar of an unknown god.
   765 | D:2      | Found Otacev's Weapon Emporium.
   928 | D:2      | Reached XP level 3. HP: 32/32 MP: 3/3
   973 | D:2      | Slain by a gnoll

Illustrated notes

Levels and vault maps discovered:
D:1:      wander_arrival_estate, layout_basic
D:2:      layout_loops_corners, basic_altar, serial_shops, shop_fountains,
          ebering_ecumenical_altar_petrified, grunt_decor_clamped, uniq_robin

Skill      XL: |  1  2 |
---------------+-------+-----
Maces & Flails | 2 3 |  3.2
Fighting       | |  2.6
Armour         | |  3.6
Shields        | |  3.2

Action                   || total
-------------------------++-------
Melee: Flail             ||    99
       Tailslap          ||     8
  Use: Scroll            ||     6
       Potion            ||     1
Armor: Scale mail        ||    59
Dodge: Dodged            ||    28
Block: Buckler           ||    20

Table legend: (Time is in decaauts)
 A = Elapsed time spent in this place.
 B = Non-inter-level travel time spent in this place.
 C = Inter-level travel time spent in this place.
 D = Time resting spent in this place.
 E = Time spent auto-exploring this place.
 F = Levels seen in this place.
 G = Mean time per level.
                   A        B        C        D        E       F      G
               +--------+--------+--------+--------+--------+-----+--------+
         Total |   1004 |    984 |     20 |      0 |    719 |   2 |  502.0 |
       Dungeon |   1004 |    984 |     20 |      0 |    719 |   2 |  502.0 |
               +--------+--------+--------+--------+--------+-----+--------+

Top non-repeatable levels by time:
     D:1: 535 daAuts
     D:2: 469 daAuts
